NYP
WEST VIRGINIA BLACK BEARS @ ROME BRAVES
07/10/2048
 
TOP OF THE 1ST
West Virginia Black Bears batting - Pitching for Rome Braves : RHP Gabe Fillmore
Pitching: RHP Gabe Fillmore
Batting: LHB Norm Silveira-Wray 0-0: SINGLE (Groundball, 4MD, EV 102.5 MPH)
Batting: RHB Brandon White 0-0: Swinging Strike
Passed Ball!
Norm Silveira-Wray to second
0-1: Fly out, F7 (Flyball, 7D, EV 95.6 MPH)
Runner from 2nd tags up, SAFE at 3rd with throw by LF
Batting: RHB Jaime Dubicki 0-0: Ball
1-0: Foul Ball, location: 2F
1-1: Ball
2-1: Ball
3-1: Base on Balls
Batting: LHB Donald Imre 0-0: Foul Ball, location: 2F
0-1: Ball
1-1: Swinging Strike
1-2: Ball
2-2: Grounds into double play, 6-4-3 (Groundball, 6, EV 84.4 MPH)
Top of the 1st over - 0 runs, 1 hit, 0 errors, 1 left on base; West Virginia 0 - Rome 0
BOTTOM OF THE 1ST
Rome Braves batting - Pitching for West Virginia Black Bears : RHP Xavier Stovall
Pitching: RHP Xavier Stovall
Batting: RHB Costantino Dolfini 0-0: Called Strike
0-1: Ground out 5-3 (Groundball, 56, EV 99.4 MPH)
Batting: RHB Tony Cabrera 0-0: Fly out, F8 (Flyball, 8LM, EV 90.6 MPH)
Batting: LHB Ricardo Sandoval 0-0: Ball
1-0: Called Strike
1-1: Called Strike
1-2: Strikes out looking
Bottom of the 1st over - 0 runs, 0 hits, 0 errors, 0 left on base; West Virginia 0 - Rome 0
TOP OF THE 2ND
West Virginia Black Bears batting - Pitching for Rome Braves : RHP Gabe Fillmore
Batting: RHB Dave Fredericks 0-0: Foul Ball, location: 2F
0-1: Foul Ball, location: 2F
0-2: Strikes out swinging
Batting: RHB Tim Moore 0-0: Ground out 4-3 (Groundball, 4M, EV 96.2 MPH)
Batting: RHB John DeVillier 0-0: SINGLE (Groundball, 6M, EV 111.2 MPH)
Batting: RHB Seung-mun Kim 0-0: Called Strike
0-1: Foul Ball, location: 2F
0-2: Ball
1-2: Foul Ball, location: 2F
1-2: Strikes out looking
Top of the 2nd over - 0 runs, 1 hit, 0 errors, 1 left on base; West Virginia 0 - Rome 0
BOTTOM OF THE 2ND
Rome Braves batting - Pitching for West Virginia Black Bears : RHP Xavier Stovall
Batting: LHB Tamaichi Sasada 0-0: Ball
1-0: Foul Ball, location: 2F
1-1: SOLO HOME RUN (Flyball, 9D, EV 97.5 MPH), Distance : 377 ft
Batting: RHB Chris Trites 0-0: Ball
1-0: Ball
2-0: Called Strike
2-1: Called Strike
2-2: Strikes out looking
Batting: RHB Dave Pizarro 0-0: Swinging Strike
0-1: Ball
1-1: Ball
2-1: Foul Ball, location: 2F
2-2: Foul Ball, location: 2F
2-2: Strikes out swinging, 2-3 out at first.
Batting: RHB Alex Campos 0-0: Ball
1-0: Fly out, F8 (Flyball, 78M, EV 90.0 MPH)
Bottom of the 2nd over - 1 run, 1 hit, 0 errors, 0 left on base; West Virginia 0 - Rome 1
TOP OF THE 3RD
West Virginia Black Bears batting - Pitching for Rome Braves : RHP Gabe Fillmore
Batting: RHB Killian Jones 0-0: Ball
1-0: Called Strike
1-1: Foul Ball, location: 2F
1-2: Strikes out swinging
Batting: LHB Norm Silveira-Wray 0-0: Called Strike
0-1: Ball
1-1: Ball
2-1: Ground out 5-3 (Groundball, 56S, EV 71.2 MPH)
Batting: RHB Brandon White 0-0: Called Strike
0-1: Ball
1-1: Ball
2-1: Foul Ball, location: 2F
2-2: Ball
3-2: Foul Ball, location: 2F
3-2: Foul Ball, location: 2F
3-2: Fly out, F9 (Flyball, 9S, EV 91.9 MPH)
Top of the 3rd over - 0 runs, 0 hits, 0 errors, 0 left on base; West Virginia 0 - Rome 1
BOTTOM OF THE 3RD
Rome Braves batting - Pitching for West Virginia Black Bears : RHP Xavier Stovall
Batting: RHB Yutaka Yamane 0-0: Foul Ball, location: 2F
0-1: Ball
1-1: Called Strike
1-2: Ball
2-2: Strikes out swinging
Batting: LHB Jason Herr 0-0: Ball
1-0: Called Strike
1-1: Foul Ball, location: 2F
1-2: Foul Ball, location: 9LSF, Error on foul ball, E9
1-2: Foul Ball, location: 2F
1-2: Strikes out swinging
Batting: RHB Costantino Dolfini 0-0: Called Strike
0-1: SINGLE (Groundball, 6MD, EV 108.8 MPH)
Batting: RHB Tony Cabrera 0-0: Called Strike
Costantino Dolfini is caught stealing 2nd base 2-4
Bottom of the 3rd over - 0 runs, 1 hit, 1 error, 0 left on base; West Virginia 0 - Rome 1
TOP OF THE 4TH
West Virginia Black Bears batting - Pitching for Rome Braves : RHP Gabe Fillmore
Batting: RHB Jaime Dubicki 0-0: Called Strike
0-1: SINGLE (Groundball, 56D, EV 95.6 MPH)
Batting: LHB Donald Imre 0-0: Fielders Choice at 2nd, 5-4 (Groundball, 5, EV 78.1 MPH)
Batting: RHB Dave Fredericks 0-0: Called Strike
0-1: Ball
1-1: Called Strike
Donald Imre steals 2nd, throwing error, E2
Donald Imre to third
1-2: Strikes out looking
Batting: RHB Tim Moore 0-0: Ball
1-0: Called Strike
1-1: Ball
2-1: Ground out 6-3 (Groundball, 6, EV 98.8 MPH)
Top of the 4th over - 0 runs, 1 hit, 1 error, 1 left on base; West Virginia 0 - Rome 1
BOTTOM OF THE 4TH
Rome Braves batting - Pitching for West Virginia Black Bears : RHP Xavier Stovall
Batting: RHB Tony Cabrera 0-0: Called Strike
0-1: Ball
1-1: Foul Ball, location: 2F
1-2: Fly out, F8 (Flyball, 8RM, EV 88.8 MPH)
Batting: LHB Ricardo Sandoval 0-0: Ball
1-0: Ball
2-0: SOLO HOME RUN (Flyball, 7D, EV 98.8 MPH), Distance : 369 ft
Batting: LHB Tamaichi Sasada 0-0: Ball
1-0: Called Strike
1-1: Fly out, F9 (Flyball, 9D, EV 105.0 MPH)
Batting: RHB Chris Trites 0-0: Called Strike
0-1: Called Strike
0-2: Ball
1-2: SOLO HOME RUN (Flyball, 7D, EV 96.9 MPH), Distance : 371 ft
Batting: RHB Dave Pizarro 0-0: DOUBLE (Line Drive, 9LM, EV 106.2 MPH)
Batting: RHB Alex Campos 0-0: Foul Ball, location: 2F
0-1: Swinging Strike
0-2: Ball
1-2: DOUBLE (Flyball, 8LD, EV 103.1 MPH)
Dave Pizarro scores
Batting: RHB Yutaka Yamane 0-0: Ground out U3 (Groundball, 34S, EV 88.8 MPH)
Bottom of the 4th over - 3 runs, 4 hits, 0 errors, 1 left on base; West Virginia 0 - Rome 4
TOP OF THE 5TH
West Virginia Black Bears batting - Pitching for Rome Braves : RHP Gabe Fillmore
Batting: RHB John DeVillier 0-0: Foul Ball, location: 2F
0-1: Ball
1-1: Ball
2-1: Ball
3-1: Swinging Strike
3-2: Ground out 5-3 (Groundball, 15, EV 88.8 MPH)
Batting: RHB Seung-mun Kim 0-0: Ball
1-0: Swinging Strike
1-1: Foul Ball, location: 2F
1-2: Fly out, F7 (Flyball, 78D, EV 101.2 MPH)
Batting: RHB Killian Jones 0-0: Ball
1-0: SINGLE (Groundball, 56D, EV 95.6 MPH)
Batting: LHB Norm Silveira-Wray 0-0: Bunted foul
0-1: Foul Ball, location: 2F
0-2: Strikes out looking
Top of the 5th over - 0 runs, 1 hit, 0 errors, 1 left on base; West Virginia 0 - Rome 4
BOTTOM OF THE 5TH
Rome Braves batting - Pitching for West Virginia Black Bears : RHP Xavier Stovall
Batting: LHB Jason Herr 0-0: Ball
1-0: Ball
2-0: Ball
3-0: Base on Balls
Batting: RHB Costantino Dolfini 0-0: SINGLE (Line Drive, 56D, EV 103.8 MPH)
Jason Herr to second
Batting: RHB Tony Cabrera 0-0: Foul Ball, location: 2F
0-1: Foul Ball, location: 2F
0-2: Foul Ball, location: 2F
0-2: Foul Ball, location: 2F
0-2: Ball
1-2: Ball
2-2: Ball
3-2: Foul Ball, location: 2F
3-2: Fielders Choice at 2nd, 6-4 (Groundball, 6, EV 83.1 MPH)
Jason Herr to third
Batting: LHB Ricardo Sandoval 0-0: Ball
1-0: Called Strike
1-1: Called Strike
1-2: Ball
2-2: Foul Ball, location: 2F
2-2: Foul Ball, location: 2F
2-2: Ball
3-2: SINGLE (Line Drive, 6D, EV 96.9 MPH)
Jason Herr scores
Tony Cabrera to second
Pitching: RHP Hitoshi Yoshihara
Batting: LHB Tamaichi Sasada 0-0: Fly out, F9 (Line Drive, 9D, EV 91.2 MPH)
Runner from 2nd tags up, SAFE at 3rd, no throw by RF
Batting: RHB Chris Trites 0-0: Ball
1-0: Called Strike
Ricardo Sandoval steals 2nd base
1-1: Swinging Strike
1-2: SINGLE (Line Drive, 7S, EV 109.4 MPH)
Tony Cabrera scores
Ricardo Sandoval to third
Batting: RHB Dave Pizarro 0-0: Ball
1-0: Swinging Strike
1-1: Foul Ball, location: 2F
1-2: Ball
2-2: Ball
3-2: Foul Ball, location: 2F
3-2: Foul Ball, location: 2F
3-2: Base on Balls
Chris Trites to second
Batting: RHB Alex Campos 0-0: Ball
1-0: Ball
2-0: Ball
3-0: Base on Balls
Ricardo Sandoval scores
Chris Trites to third
Dave Pizarro to second
Batting: RHB Yutaka Yamane 0-0: Ground out 5-3 (Groundball, 56S, EV 82.5 MPH)
Bottom of the 5th over - 3 runs, 3 hits, 0 errors, 3 left on base; West Virginia 0 - Rome 7
TOP OF THE 6TH
West Virginia Black Bears batting - Pitching for Rome Braves : RHP Gabe Fillmore
Batting: RHB Brandon White 0-0: Swinging Strike
0-1: Ground out U3 (Groundball, 3S, EV 74.4 MPH)
Batting: RHB Jaime Dubicki 0-0: Called Strike
0-1: Called Strike
0-2: Foul Ball, location: 2F
0-2: Ground out 4-3 (Groundball, 34D, EV 103.8 MPH)
Batting: LHB Donald Imre 0-0: Ball
1-0: Ball
2-0: Swinging Strike
2-1: Foul Ball, location: 2F
2-2: Fly out, F5 (Line Drive, 56, EV 67.5 MPH)
Top of the 6th over - 0 runs, 0 hits, 0 errors, 0 left on base; West Virginia 0 - Rome 7
BOTTOM OF THE 6TH
Rome Braves batting - Pitching for West Virginia Black Bears : RHP Hitoshi Yoshihara
Batting: LHB Jason Herr 0-0: Ball
1-0: Foul Ball, location: 2F
1-1: Called Strike
1-2: Strikes out swinging
Batting: RHB Costantino Dolfini 0-0: Ball
1-0: Ground out 6-3 (Groundball, 6, EV 90.6 MPH)
Batting: RHB Tony Cabrera 0-0: Ball
1-0: Hit by Pitch
Batting: LHB Ricardo Sandoval 0-0: Ball
1-0: Ball
2-0: Called Strike
2-1: SINGLE (Line Drive, 8RS, EV 107.5 MPH)
Tony Cabrera to second
Batting: LHB Tamaichi Sasada 0-0: Called Strike
0-1: Called Strike
0-2: Strikes out swinging
Bottom of the 6th over - 0 runs, 1 hit, 0 errors, 2 left on base; West Virginia 0 - Rome 7
TOP OF THE 7TH
West Virginia Black Bears batting - Pitching for Rome Braves : RHP Gabe Fillmore
Batting: RHB Dave Fredericks 0-0: Called Strike
0-1: Foul Ball, location: 2F
0-2: Strikes out swinging
Batting: RHB Tim Moore 0-0: Ball
1-0: Fly out, F8 (Flyball, 8RD, EV 102.5 MPH)
Batting: RHB John DeVillier 0-0: Called Strike
0-1: Called Strike
0-2: Ball
1-2: Ball
2-2: SINGLE (Groundball, 6M, EV 99.4 MPH) (infield hit)
Batting: RHB Seung-mun Kim 0-0: Ball
John DeVillier steals 2nd base (no throw)
1-0: Ground out 3-1 (Groundball, 34, EV 88.8 MPH)
Top of the 7th over - 0 runs, 1 hit, 0 errors, 1 left on base; West Virginia 0 - Rome 7
BOTTOM OF THE 7TH
Rome Braves batting - Pitching for West Virginia Black Bears : RHP Hitoshi Yoshihara
Pitching: LHP Juan Villegas
Batting: RHB Chris Trites 0-0: Called Strike
0-1: Foul Ball, location: 2F
0-2: Foul Ball, location: 2F
0-2: Ball
1-2: Foul Ball, location: 2F
1-2: Ball
2-2: SINGLE (Groundball, 6, EV 98.8 MPH)
Batting: RHB Dave Pizarro 0-0: SINGLE (Line Drive, 9LS, EV 95.0 MPH)
Chris Trites to second
Runner from 2nd tries for 3rd, SAFE, throw by RF made to third
Batting: RHB Alex Campos 0-0: Called Strike
0-1: Called Strike
Dave Pizarro steals 2nd base
0-2: Strikes out looking
Batting: RHB Yutaka Yamane 0-0: Ball
1-0: Ball
2-0: Ball
3-0: Called Strike
3-1: Foul Ball, location: 2F
3-2: Strikes out swinging
Batting: LHB Jason Herr 0-0: Foul Ball, location: 2F
0-1: Called Strike
0-2: Strikes out swinging
Bottom of the 7th over - 0 runs, 2 hits, 0 errors, 2 left on base; West Virginia 0 - Rome 7
TOP OF THE 8TH
West Virginia Black Bears batting - Pitching for Rome Braves : RHP Gabe Fillmore
Batting: RHB Killian Jones 0-0: Ball
1-0: Ball
2-0: Swinging Strike
2-1: Ball
3-1: Called Strike
3-2: Foul Ball, location: 2F
3-2: Strikes out swinging
Batting: LHB Norm Silveira-Wray 0-0: Foul Ball, location: 2F
0-1: Swinging Strike
0-2: Ball
1-2: Ball
2-2: Ball
3-2: Foul Ball, location: 2F
3-2: SINGLE (Line Drive, 8LS, EV 94.4 MPH)
Pitching: RHP Kevin Zika
Batting: RHB Brandon White 0-0: Grounds into double play, 4-6-3 (Groundball, 4, EV 91.2 MPH)
Top of the 8th over - 0 runs, 1 hit, 0 errors, 0 left on base; West Virginia 0 - Rome 7
BOTTOM OF THE 8TH
Rome Braves batting - Pitching for West Virginia Black Bears : LHP Juan Villegas
Batting: RHB Costantino Dolfini 0-0: Called Strike
0-1: Swinging Strike
0-2: Foul Ball, location: 2F
0-2: Ground out 4-3 (Groundball, 4, EV 85.0 MPH)
Pitching: RHP Mike Rosen
Batting: RHB Tony Cabrera 0-0: Fly out, F8 (Line Drive, 78M, EV 85.0 MPH)
Batting: LHB Ricardo Sandoval 0-0: Ground out U3 (Groundball, 3, EV 96.9 MPH)
Bottom of the 8th over - 0 runs, 0 hits, 0 errors, 0 left on base; West Virginia 0 - Rome 7
TOP OF THE 9TH
West Virginia Black Bears batting - Pitching for Rome Braves : RHP Kevin Zika
Batting: RHB Jaime Dubicki 0-0: Called Strike
0-1: Swinging Strike
0-2: Foul Ball, location: 2F
0-2: Strikes out swinging
Batting: LHB Donald Imre 0-0: Ball
1-0: Foul Ball, location: 2F
1-1: Called Strike
1-2: Foul Ball, location: 2F
1-2: Foul Ball, location: 2F
1-2: Strikes out swinging
Batting: RHB Dave Fredericks 0-0: Ball
1-0: Foul Ball, location: 2F
1-1: Ball
2-1: Foul Ball, location: 2F
2-2: Ground out 5-3 (Groundball, 5, EV 79.4 MPH)
Top of the 9th over - 0 runs, 0 hits, 0 errors, 0 left on base; West Virginia 0 - Rome 7
Tuesday, March 28th , 2023 - OOTP Baseball 23.10 Build 110